 Dungeon Crawl Stone Soup version 0.31.0-9-g3a7656b989 (webtiles) character file.

Game seed: 14197215739265736619

352 Killerpretzel the Digger (level 6, -5/32 HPs)
             Began as a Gargoyle Earth Elementalist on Jan 26, 2024.
             Slain by an ogre
             ... wielding a +0 giant club
              (17 damage)
             ... on level 4 of the Dungeon.
             The game lasted 00:14:56 (3685 turns).

Killerpretzel the Digger (GrEE)                     Turns: 3685, Time: 00:14:57

Health: -5/32      AC:  7    Str: 12    XL:     6   Next: 62%
Magic:  4/11       EV: 11    Int: 17    God:
Gold:   58         SH:  0    Dex: 10    Spells: 11/12 levels left

rFire   . . .        h - +0 dagger (venom)
rCold   . . .        (no shield)
rNeg    + . .        a - +0 robe
rPois   ∞            (no helmet)
rElec   +            (no cloak)
rCorr   .            n - +0 pair of gloves
SInv    +            (no boots)
Will    .....        (no amulet)
Stlth   ++           i - ring of see invisible
HPRegen 0.25/turn    (no ring)
MPRegen 0.12/turn

%: no passive effects
@: no status effects
A: sickness immunity, AC +4, negative energy resistance 1, electricity
resistance, torment resistance 1, petrification resistance
a: no special abilities


You were on level 4 of the Dungeon.
You visited 1 branch of the dungeon, and saw 4 of its levels.

You collected 58 gold pieces.

Inventory:

Hand Weapons
 e - a +0 short sword
 h - a +0 dagger of venom (weapon)
Armour
 a - a +0 robe (worn)
 n - a +0 pair of gloves (worn)
Jewellery
 i - a ring of see invisible (left hand)
Scrolls
 g - a scroll of identify
 j - a scroll of poison {unknown}
 k - a scroll of amnesia {unknown}
Potions
 b - a potion of magic
 c - a potion of brilliance
 d - 2 potions of might
 f - a potion of haste {unknown}


   Skills:
 - Level 1.5 Dodging
 - Level 2.1 Stealth
 * Level 3.9 Spellcasting
 * Level 4.1 Conjurations
 * Level 5.8 Earth Magic


You had 11 spell levels left.
You knew the following spells:

 Your Spells              Type           Power      Damage    Failure   Level
a - Sandblast             Erth           46%        2d11      1%          1

Your spell library contained the following spells:

 Spells                   Type           Power      Damage    Failure   Level
 Passwall                 Erth           23%        N/A       4%          3
 Stone Arrow              Conj/Erth      40%        3d9       6%          3
 Freeze                   Ice            12%        1d3       16%         1
 Hailstorm                Conj/Ice       10%        3d6       21%         3
 Brom's Barrelling Bould  Conj/Erth      20%        2d4       21%         4
 Ensorcelled Hibernation  Hex/Ice        6%         N/A       24%         2
 Frozen Ramparts          Ice            6%         1d1       43%         3
 Inner Flame              Hex/Fire       3%         N/A       43%         3
 Swiftness                Air            3%         N/A       43%         3
 Petrify                  Alch/Erth      13%        N/A       43%         4
 Irradiate                Conj/Alch      5%         3d13      88%         5
 Ignition                 Fire           1%         3d3       100%        8


Dungeon Overview and Level Annotations

Branches:
Dungeon (4/15)
 Temple: D:4-7

Altars:


Innate Abilities, Weirdness & Mutations

You are immune to sickness and miasma.
Your stone body is resilient. (AC +4)
You are immune to poison.
You resist negative energy. (rN+)
You are resistant to electric shocks. (rElec)
You are resistant to unholy torment.
You are immune to petrification.


Message History

Casting: Sandblast (safe; 1% risk of failure)
Confirm with . or Enter, or press ? or * to list all spells.
Aiming: Sandblast (safe; 1% risk of failure)
Press: ? - help, Shift-Dir - straight line, f/p - phantom
Aim: a phantom (almost destroyed, 76% to hit)
The blast of sand hits the phantom!
You destroy the phantom!
Your Conjurations skill increases to level 4!
There are monsters nearby!
The ogre shouts!
The goblin shouts!
Casting: Sandblast (safe; 1% risk of failure)
Confirm with . or Enter, or press ? or * to list all spells.
Aiming: Sandblast (safe; 1% risk of failure)
Press: ? - help, Shift-Dir - straight line, f - ogre
Aim: an ogre, wielding a +0 giant club (92% to hit)
The blast of sand hits the ogre!
The ogre is moderately wounded.
The ogre closely misses you.
There are monsters nearby!
Casting: Sandblast (safe; 1% risk of failure)
Confirm with . or Enter, or press ? or * to list all spells.
Aiming: Sandblast (safe; 1% risk of failure)
Press: ? - help, Shift-Dir - straight line, f/p - ogre
Aim: an ogre, wielding a +0 giant club (moderately wounded, 92% to hit)
The blast of sand hits the ogre!
The ogre is severely wounded.
The goblin barely misses you.
The ogre hits you with a +0 giant club!!
Ouch! That really hurt!
There are monsters nearby!
Casting: Sandblast (safe; 1% risk of failure)
Confirm with . or Enter, or press ? or * to list all spells.
Aiming: Sandblast (safe; 1% risk of failure)
Press: ? - help, Shift-Dir - straight line, f/p - ogre
Aim: an ogre, wielding a +0 giant club (severely wounded, 92% to hit)
The blast of sand hits the ogre.
The ogre is almost dead.
The goblin hits you but does no damage. The ogre hits you with a +0 giant club!
Ouch! That really hurt!
You die...

.#.....#........#
.......##.<..####
.....#...§##.###.
.#....$.........
.........###....####
.........###..#....#####
..............#.........
.....................#..
..............O@........
..#...#.......g.......##
.######.....[..>........
#................#
..............##
......[......##
#...........##
######.#...## ....#..


You could see an ogre and a goblin.

Vanquished Creatures
  A phantom (D:4)
  An orc priest (D:3)
  An orc wizard (D:3)
  4 adders (D:2)
  11 gnolls
  A dart slug (D:2)
  3 ribbon worms
  8 orcs (D:3)
  2 bats (D:3)
  2 endoplasms (D:1)
  3 giant cockroaches
  3 goblins
  7 hobgoblins
  6 jackals
  3 quokkas (D:1)
  5 ball pythons
  3 frilled lizards
  4 kobolds
  6 rats
74 creatures vanquished.

Notes
Turn   | Place    | Note
-------+----------+-------------------------------------------
     0 | D:1      | Killerpretzel the Gargoyle Earth Elementalist began the
                  | quest for the Orb.
     0 | D:1      | Reached XP level 1. HP: 10/10 MP: 3/3
    95 | D:1      | Reached XP level 2. HP: 8/15 MP: 0/5
   377 | D:1      | Reached skill level 4 in Earth Magic
   915 | D:2      | Reached XP level 3. HP: 19/19 MP: 2/6
   934 | D:2      | Reached XP level 4. HP: 15/24 MP: 1/8
  1738 | D:2      | Reached XP level 5. HP: 20/28 MP: 1/9
  1892 | D:2      | Reached skill level 5 in Earth Magic
  2808 | D:3      | Reached XP level 6. HP: 28/32 MP: 4/11
  3685 | D:4      | Slain by an ogre

Illustrated notes

Levels and vault maps discovered:
D:1:      minmay_arrival_loop, layout_basic, corexii_leaking_fountain,
          minmay_misc_feat_iff
D:2:      layout_loops_cross, kennysheep_generic_room_5
D:3:      layout_loops_corners, minmay_misc_feat_chi
D:4:      layout_rooms, nicolae_yredelemnul_corpse_copse, dk_vineyard_1

Skill      XL: |  1  2  3  4  5  6 |
---------------+-------------------+-----
Earth Magic    | 4 5 |  5.8
Conjurations   | 2 3 4 |  4.1
Spellcasting   | 3 |  3.9
Dodging        | |  1.5
Stealth        | |  2.1

Action                     |  1- 3 |  4- 6 || total
---------------------------+-------+-------++-------
  Melee: Dagger            |    28 |     6 ||    34
         Punch             |     1 |       ||     1
   Cast: Sandblast         |    25 |   104 ||   129
    Use: Potion            |       |     5 ||     5
         Scroll            |       |     6 ||     6
 Armour: Robe              |    19 |    45 ||    64
  Dodge: Dodged            |    21 |    40 ||    61
